AoeStats
← michaelhuss72

Arabia

510135411Analyzed
1v1 RM · 2d ago on Sep 29, 2026· 40m 0s· 2 players
Game mode
Random Map
Map size
Tiny (2 player)
Population
200
Speed
Normal
Resources
Standard
Victory
Conquest
Starting age
Dark Age
Ending age
Imperial Age
RankedLock teamsTeams togetherTeam positionsShared explorationLock speedFull tech treeHidden civsTurbo modeCheats
Victory
Defeat
🇩🇪 Teutons · Germany
773
+14
🇫🇷 Sicilians · France
731
-14
michaelhuss72
10:39 Feudal Age
16:04 Forging
17:23 Stone Mining
23:03 Castle Age
20:54 Double-Bit Axe
21:17 Fletching
22:26 Gold Mining
24:18 Bow Saw
28:02 Bodkin Arrow
32:24 Crossbowman
36:04 Murder Holes
39:12 Imperial Age
McThunder
11:13 Feudal Age
12:16 Double-Bit Axe
12:12 Horse Collar
21:10 Castle Age
20:51 Fletching
24:47 Wheelbarrow
29:49 Scale Mail Armor
29:59 Forging
30:56 Ironclad
35:44 Imperial Age
35:46 Capped Ram
37:35 Iron Casting
40:45 Blast Furnace
40:01 Chain Mail Armor
Connection lost

Rejoining the realm…

Still unreachable

The connection could not be restored.

Session expired

The server has moved on; the page needs a fresh start.